Map: Acid Plant LE

Players

Classic - Winner!

  • Race: Protoss Protoss
  • Spawn Location: 5:00

HeRoMaRinE

  • Race: Terran Terran
  • Spawn Location: 11:00

Event: IEM Season 12 - Katowice

VOD

Have the link to the VOD?

Description

Time

  • Played on: March 2, 2018, 1:03 p.m.
  • Length: 7:54

All games in this series

Show
View Real Time Build Order
Export as new Build Order

Classic Protoss - Winner!

Build Orders: 1 Gate Expand, Oracle Opening 

Get SALT Encoding   

  12  0:00  Probe  
  13  0:12  Probe  
  14  0:17  Pylon  
  14  0:24  Probe (Chrono Boost)  
  15  0:36  Probe (Chrono Boost)  
  15  0:37  Gateway  
  16  0:45  Probe (Chrono Boost), Assimilator  
  17  0:51  Probe  
  18  1:03  Probe  
  19  1:15  Probe  
  20  1:22  Nexus  
  20  1:33  Cybernetics Core  
  20  1:36  Probe  
  21  1:43  Assimilator  
  21  1:48  Probe  
  21  1:51  Pylon  
  22  2:00  Probe  
  23  2:08  Adept (Chrono Boost)  
  23  2:13  Probe  
  23  2:15  Stargate  
  26  2:22  Warp Gate  
  26  2:25  Probe (Chrono Boost)  
  26  2:28  Adept  
  29  2:35  Probe (Chrono Boost)  
  31  2:37  Probe (Chrono Boost)  
  32  2:44  Probe (Chrono Boost)  
  32  2:45  Probe (Chrono Boost)  
  32  2:49  Probe (Chrono Boost)  
  33  2:51  Probe  
  33  2:55  Adept  
  37  2:59  Oracle (Chrono Boost)  
  40  3:07  Probe x2  
  42  3:12  Pylon  
  42  3:19  Probe x2  
  44  3:30  Oracle  
  44  3:31  Probe x2  
  44  3:33  Gateway  
  49  3:37  Gateway  
  49  3:42  Pylon  
  49  3:44  Probe (Chrono Boost)  
  49  3:48  Probe (Chrono Boost)  
  51  3:49  Assimilator  
  52  3:56  Probe (Chrono Boost)  
  52  4:00  Probe (Chrono Boost)  
  52  4:02  Probe (Chrono Boost)  
  53  4:09  Probe, Nexus  
  55  4:11  Probe  
  55  4:14  Assimilator  
  56  4:18  Pylon  
  56  4:21  Forge  
  56  4:23  Probe x2  
  58  4:29  Twilight Council  
  58  4:35  Probe  
  58  4:36  Probe  
  60  4:45  Robotics Facility, Resonating Glaives  
  60  4:47  Probe  
  60  4:48  Probe  
  60  4:52  Protoss Ground Weapons Level 1 (Chrono Boost)  
  62  4:53  Gateway  
  62  4:54  Gateway  
  62  5:02  Sentry x3  
  62  5:04  Probe x2  
  70  5:20  Probe x2  
  70  5:21  Probe, Gateway  
  73  5:23  Pylon  
  73  5:26  Gateway  
  73  5:28  Gateway  
  73  5:32  Warp Prism (Chrono Boost)  
  74  5:39  Probe x3  
  77  5:49  Pylon, Sentry  
  79  5:57  Adept x4  
  81  6:01  Probe x3  
  81  6:04  Pylon x2, Observer  
  89  6:16  Pylon x2  
  89  6:25  Adept x7  
  103  6:26  Adept  
  103  6:32  Observer  
  106  6:35  Pylon  
  106  6:50  Adept x2  
  106  6:51  Adept x5  
  106  6:53  Adept  
  122  7:00  Pylon, Assimilator  
  122  7:02  Pylon  
  120  7:12  Adept  
  120  7:13  Adept x6  
  132  7:22  Probe x3  
  119  7:34  Adept x7  
  119  7:36  Adept  
  109  7:54  Adept x6  
Show
View Real Time Build Order
Export as new Build Order

HeRoMaRinE Terran 

Build Orders: Reaper Expand, MMM Bio 

Get SALT Encoding   

  12  0:00  SCV  
  13  0:12  SCV  
  14  0:17  Supply Depot  
  14  0:26  SCV  
  15  0:38  SCV  
  15  0:40  Barracks  
  16  0:43  Refinery  
  16  0:50  SCV  
  17  1:03  SCV  
  18  1:15  SCV  
  19  1:27  Reaper, Orbital Command  
  20  1:43  Command Center  
  20  1:51  Supply Depot  
  20  1:53  SCV  
  21  1:59  Barracks Reactor  
  21  2:05  SCV  
  22  2:17  SCV  
  22  2:22  Command Center  
  23  2:29  SCV  
  24  2:32  Barracks  
  24  2:35  Marine  
  24  2:36  Marine  
  26  2:41  SCV  
  27  2:49  Bunker  
  27  2:55  Marine x2  
  30  3:00  Orbital Command  
  29  3:07  Engineering Bay  
  29  3:09  SCV  
  30  3:18  Marine x2  
  30  3:19  Barracks Tech Lab  
  31  3:21  SCV  
  31  3:25  SCV  
  33  3:34  Missile Turret, SCV  
  34  3:36  Marine x2  
  34  3:39  Marine  
  34  3:40  Stimpack  
  37  3:45  Orbital Command  
  37  3:49  SCV x2  
  39  3:56  Marine x2  
  39  3:58  Marine  
  39  4:01  SCV x2  
  42  4:11  Terran Infantry Weapons Level 1  
  42  4:12  SCV  
  42  4:13  SCV x2, Factory  
  42  4:16  Marine  
  46  4:17  Marine  
  46  4:19  Marine  
  48  4:24  SCV  
  48  4:25  SCV x2, Refinery  
  48  4:30  Barracks  
  51  4:32  Missile Turret  
  51  4:36  SCV  
  51  4:37  SCV, Marine x2  
  53  4:39  Marine  
  53  4:41  SCV  
  54  4:48  SCV  
  54  4:49  Refinery  
  54  4:50  SCV, Refinery  
  56  4:54  SCV  
  56  4:55  Marine x2  
  56  4:57  Marine  
  56  4:58  Factory Reactor  
  56  4:59  Starport  
  60  5:00  SCV  
  60  5:03  Supply Depot  
  61  5:08  SCV  
  61  5:09  SCV  
  61  5:12  SCV  
  61  5:13  Supply Depot  
  64  5:18  Barracks  
  64  5:19  Barracks Tech Lab  
  64  5:21  Barracks  
  66  5:23  Marauder  
  66  5:26  Marine  
  66  5:27  Marine  
  68  5:41  Supply Depot  
  68  5:42  Medivac x2  
  72  5:43  Orbital Command  
  72  5:44  Marauder  
  72  5:45  Supply Depot, Combat Shields, Marauder  
  72  5:46  Marine  
  72  5:47  Marine  
  72  5:49  Factory Reactor  
  77  5:58  SCV x2  
  79  6:06  Marauder x2  
  79  6:07  Marine  
  79  6:08  Barracks Reactor, Marine  
  79  6:09  Barracks Tech Lab  
  84  6:15  Supply Depot  
  84  6:16  Medivac x2  
  88  6:22  Missile Turret  
  88  6:25  Marine x2  
  88  6:27  Marauder x2  
  88  6:30  Supply Depot  
  88  6:31  Widow Mine x2  
  88  6:32  Marauder  
  100  6:33  Supply Depot  
  100  6:40  Supply Depot x2  
  100  6:44  Marine x2  
  100  6:45  Marine x2  
  103  6:53  Widow Mine x2  
  103  6:54  Marauder  
  107  6:56  Marine x2  
  100  7:14  Marauder x2  
  100  7:15  Marauder  
  101  7:18  Widow Mine x2  
  101  7:19  Marine  
  104  7:28  Marine  

Tags
 
Add a new tag
Caveats
  • Supply blocks, unpowered buildings, or Contaminate may cause inaccurate times.
  • Supply counts are checked every 10 seconds.